 Dungeon Crawl Stone Soup version 0.19-a0-36-g4a0968a (webtiles) character file.

18 nubinia the Gusty (level 2, 0/22 HPs)
             Began as a Deep Elf Air Elementalist on May 5, 2016.
             Slain by a bat (1 damage)
             ... on level 1 of the Dungeon.
             The game lasted 00:03:27 (985 turns).

nubinia the Gusty (Deep Elf Air Elementalist)        Turns: 985, Time: 00:03:27

Health: 0/22       AC:  2    Str: 10    XL:     2   Next: 51%
Magic:  8/8        EV: 13    Int: 19    God:
Gold:   97         SH:  0    Dex: 15    Spells: 3 memorised, 2 levels left

rFire  . . .     SeeInvis .     e - +0 whip (venom)
rCold  . . .     Gourm    .     a - +0 robe
rNeg   . . .     Faith    .     (no shield)
rPois  .         Spirit   .     (no helmet)
rElec  .         Dismiss  .     (no cloak)
rCorr  .         Reflect  .     (no gloves)
SustAt .         Harm     .     (no boots)
MR     .....                    (no amulet)
Stlth  ..........               (no ring)
                                (no ring)

@: berserking, lethally poisoned (0 -> -22), repel missiles, very quick, not
resistant to hostile enchantments, extremely unstealthy
A: no striking features
a: no special abilities


You were on level 1 of the Dungeon.
You were not hungry.

You visited 1 branch of the dungeon, and saw 2 of its levels.

You collected 97 gold pieces.

Inventory:

Hand Weapons
 e - a +0 whip of venom (weapon)
 f - a +0 dagger
 h - a +4 dagger
Armour
 a - a +0 robe (worn)
Scrolls
 d - a scroll of recharging {unknown}
Potions
 j - a potion of cancellation {unknown}
Books
 b - a book of Air

   Spells                             Type                      Level
   a - Shock                          Conjuration/Air              1
   b - Swiftness                      Charms/Air                   2
   c - Repel Missiles                 Charms/Air                   2
   d - Static Discharge               Conjuration/Air              3
   e - Lightning Bolt                 Conjuration/Air              5
Comestibles
 c - 2 bread rations
 g - a meat ration


   Skills:
 + Level 2.5 Dodging
 + Level 2.4 Stealth
 + Level 3.3 Spellcasting
 + Level 1.2 Conjurations
 + Level 3.6 Air Magic


You had 2 spell levels left.
You knew the following spells:

 Your Spells              Type           Power        Failure   Level  Hunger
a - Shock                 Conj/Air       ##..         8%          1    None
b - Swiftness             Chrm/Air       ##......     12%         2    ##.....
r - Repel Missiles        Chrm/Air       ##....       12%         2    ##.....


Dungeon Overview and Level Annotations

Branches:
Dungeon (2/15)

Altars:


Message History

You climb upwards.
You feel sick.
There is a stone staircase leading down here.
Drink which item? (? for menu, Esc to quit)
It was a potion of berserk rage.
A red film seems to cover your vision as you go berserk!
You feel yourself moving faster!
You feel mighty! The bat misses you. The hobgoblin hits you.
The bat misses you.
The goblin hits you with a dagger of venom.
You are more poisoned.
The goblin hits you with a dagger.
* * * LOW HITPOINT WARNING * * *
You are too berserk!
You barely miss the bat.
* * * LOW HITPOINT WARNING * * *
You feel sick. The bat barely misses you.
You closely miss the bat.
* * * LOW HITPOINT WARNING * * *
You feel sick. The bat closely misses you. The hobgoblin barely misses you.
The bat hits you.
You die...

.......## #...#
#............ .......# #...#
##.#......##. ##[..### #...#
#.#......##. ###.## ##.##
#.##...####. .##.# ######.#
#......####. ....# #......#
####........ .####
#.########## #...#.### .#
#####......gggg#########...#
.# #.....#######@#......#
##### .# #.###.# ##b#####.#
.###.########## ### #.#
###.##.....#..# #.#
##.#'###'##.# ####.#
#..§§≈≈....# #....#
#########..### #.#### #.#
#.....# #.# #.# #.....# #.#


You could see 2 hobgoblins, 2 goblins and a bat.

Vanquished Creatures
  5 bats (D:1)
  5 goblins (D:1)
  2 hobgoblins (D:1)
  2 kobolds (D:1)
  A ball python (D:1)
  3 rats (D:1)
18 creatures vanquished.

Notes
Turn   | Place    | Note
--------------------------------------------------------------
     0 | D:1      | nubinia the Deep Elf Air Elementalist began the quest for the Orb.
     0 | D:1      | Reached XP level 1. HP: 10/10 MP: 6/6
   162 | D:1      | Reached XP level 2. HP: 15/15 MP: 0/8
   166 | D:1      | Learned a level 2 spell: Repel Missiles
   169 | D:1      | Learned a level 2 spell: Swiftness
   980 | D:2      | Noticed Robin
   985 | D:1      | HP: 1/22 [poisoned by a goblin]
   985 | D:1      | Slain by a bat

Vault maps used:
D:1:      nicolae_arrival_memento_mori, corexii_corridor_pit,
          minmay_shallow_snake_nest
D:2:      evilmike_ruin_ashenzari, uniq_robin

Action                   || total
-------------------------++-------
Melee: Whip              ||     4
 Cast: Shock             ||    32
       Repel Missiles    ||     1
  Use: Potion            ||     1
Armor: Robe              ||     4
Dodge: Dodged            ||    11
